[Event "ICC Open 2015"]
[Site "Internet Chess Club"]
[Date "2015.05.29"]
[Round "7"]
[White "kava"]
[Black "Platyborg"]
[Result "1/2-1/2"]
[ICCResult "Game drawn because neither player has mating material"]
[WhiteElo "2911"]
[BlackElo "3091"]
[Opening "King's Indian: Kazakh variation"]
[ECO "E91"]
[NIC "KI.19"]
[Time "15:18:22"]
[TimeControl "180+0"]

1. c4 Nf6 2. Nf3 g6 3. Nc3 Bg7 4. e4 d6 5. d4 O-O 6. Be2 Na6 7. O-O e5 8.
Be3 Ng4 9. Bg5 Qe8 10. h3 f6 11. Bc1 Nh6 12. Re1 c6 13. Bf1 Nf7 14. b3 Qe7
15. Ba3 Rd8 16. Qd2 Nc7 17. Rad1 Qe8 18. Qc2 Ne6 19. d5 Nf4 20. dxc6 bxc6
21. Kh2 h5 22. b4 g5 23. g3 Ng6 24. b5 g4 25. Ng1 Ng5 26. h4 Ne6 27. Bb4 Nd4
28. Qd3 c5 29. Ba5 Rd7 30. Nd5 Rb8 31. Bg2 Ne6 32. Ne2 Rf7 33. Bd2 Nd4 34.
Nxd4 cxd4 35. Rf1 Be6 36. a4 f5 37. exf5 Bxf5 38. Be4 Qe6 39. Bg5 Rbf8 40.
Rd2 Kh7 41. a5 Bh6 42. Bxh6 Kxh6 43. b6 axb6 44. axb6 Bxe4 45. Qxe4 Rf3 46.
b7 Qd7 47. Rb2 Rb8 48. Rfb1 Qf7 49. Kg1 Kg7 50. Qe1 Qf5 51. Qa5 Rxf2 52.
Rxf2 Qxb1+ 53. Kh2 Qxb7 54. Qd2 Rf8 55. Rxf8 Kxf8 56. Qh6+ Qg7 57. Qxh5 d3
58. Qf5+ Qf7 59. Qxd3 Ne7 60. Nxe7 Kxe7 61. Qe3 Qxc4 62. h5 Qc2+ 63. Kg1 Qf5
64. h6 d5 65. Qc5+ Kd7 66. Qxd5+ Kc7 67. Qc5+ Kd7 68. Qb5+ Ke7 69. Qb7+ Kd6
70. Qg7 Qb1+ 71. Kg2 Qc2+ 72. Kg1 Qd1+ 73. Kf2 Qf3+ 74. Ke1 Qxg3+ 75. Kd1
Qf3+ 76. Kc2 g3 77. h7 Qe4+ 78. Kd2 Qd4+ 79. Kc2 Qc4+ 80. Kd2 Qd4+ 81. Kc2
Qc5+ 82. Kd2 Qb4+ 83. Ke2 Qe4+ 84. Kd2 g2 85. h8=Q Qd4+ 86. Ke2 Qc3 87. Qd8+
Kc5 88. Qdc7+ Kb4 89. Qxc3+ Kxc3 90. Qg3+ Kd4 91. Qxg2 e4 92. Qg3 Kd5 93.
Qe3 Ke5 94. Qxe4+ Kxe4 {Game drawn because neither player has mating
material} 1/2-1/2

[Event "ICC Open 2015"]
[Site "Internet Chess Club"]
[Date "2015.05.29"]
[Round "7"]
[White "SvMihajlov"]
[Black "RdgMx"]
[Result "1-0"]
[ICCResult "Black forfeits on time"]
[WhiteElo "2241"]
[BlackElo "1851"]
[Opening "QGD: Orthodox defense, 7.Rc1"]
[ECO "D63"]
[NIC "QO.11"]
[Time "15:18:44"]
[TimeControl "180+0"]

1. d4 e6 2. c4 d5 3. Nf3 Nf6 4. Nc3 Be7 5. Bg5 O-O 6. e3 Nbd7 7. Rc1 h6 8.
Bh4 c6 9. Bd3 Re8 10. O-O Nf8 11. Re1 dxc4 12. Bxc4 Nd5 13. Bg3 b6 14. e4
Nxc3 15. bxc3 Bb7 16. Bd3 c5 17. Bb1 cxd4 18. cxd4 Rc8 19. Qd3 Rxc1 20. Rxc1
Bf6 21. Rc7 Ba8 22. Rxa7 e5 23. Nxe5 Bxe5 24. Bxe5 Qh4 25. Qf3 f6 26. Qf5
Qg5 27. Qxg5 hxg5 28. Bc7 Bxe4 29. Bxe4 Rxe4 30. g3 Ne6 31. Bxb6 Nxd4 32.
Bxd4 Rxd4 33. a4 Rd3 34. Kf1 Ra3 35. Ra8+ Kh7 36. a5 g4 37. a6 Ra2 38. Ke1
f5 39. a7 Kg6 40. Kd1 Kg5 41. Kc1 g6 42. Kb1 Ra6 43. Kb2 Ra5 44. Kb3 Ra1 45.
Kb4 Rb1+ 46. Kc5 Rc1+ 47. Kd6 Rd1+ 48. Ke6 Re1+ 49. Kf7 Ra1 50. Kg7 Ra3 51.
Kf7 Ra6 52. Ke7 Ra1 53. Kd8 Ra6 54. Kc7 Ra1 55. Kb6 Rb1+ 56. Kc5 Rc1+ 57.
Kd4 Rd1+ 58. Ke3 Re1+ 59. Kd2 Ra1 60. f4+ gxf3 61. Ke3 Ra3+ 62. Kf2 Kg4 63.
h3+ Kg5 64. Kf1 Ra2 65. Kg1 f4 66. gxf4+ {Black forfeits on time} 1-0

[Event "ICC Open 2015"]
[Site "Internet Chess Club"]
[Date "2015.05.29"]
[Round "7"]
[White "muisback"]
[Black "Federicov"]
[Result "1-0"]
[ICCResult "Black checkmated"]
[WhiteElo "3136"]
[BlackElo "3188"]
[Opening "Giuoco Piano"]
[ECO "C54"]
[NIC "IG.02"]
[Time "15:18:42"]
[TimeControl "180+0"]

1. e4 e5 2. Nf3 Nc6 3. Bc4 Bc5 4. c3 Nf6 5. d3 O-O 6. Bb3 a5 7. O-O d6 8. h3
Be6 9. Bc2 Bb6 10. Re1 Re8 11. Nbd2 h6 12. Nf1 Ne7 13. Ng3 Ng6 14. d4 c6 15.
Be3 Bc7 16. Qd2 Qc8 17. Nf5 Bxf5 18. exf5 Nf8 19. g4 e4 20. Nh2 d5 21. Nf1
Qd7 22. Bf4 N8h7 23. Ng3 Bxf4 24. Qxf4 Ng5 25. Kg2 Nf3 26. Re3 Nh4+ 27. Kh2
Rad8 28. Bd1 Qd6 29. Qxd6 Rxd6 30. Be2 g5 31. a3 a4 32. Rb1 b5 33. Bd1 Rd7
34. Nf1 Kg7 35. Nd2 Rh8 36. Be2 h5 37. gxh5 Nxf5 38. Rg1 Nxe3 39. fxe3 Kh6
40. Nf1 Ne8 41. Ng3 Ng7 42. Rf1 f5 43. Nxf5+ Nxf5 44. Rxf5 Rd6 45. Rf7 Rh7
46. Rf8 Kg7 47. Rf5 Rf6 48. Rxg5+ Kh6 49. Rg2 Rhf7 50. Kg3 Rg7+ 51. Bg4 Rf3+
52. Kh4 Rf5 53. Rh2 Rf1 54. Rg2 Rg5 55. Rh2 Rg7 56. Rg2 Rgf7 57. Be6 Rg7 58.
Bg4 Rf6 59. Rh2 Rf8 60. Rg2 Rgf7 61. Be6 Rf6 62. Bg4 Rf2 63. Rg3 Rxb2 64.
Bd7 Rf6 65. Rg8 Rb3 66. Be8 Rxc3 67. Bg6 Rxe3 68. Rh8+ Kg7 69. Rh7+ Kg8 70.
Kg5 Rf2 71. Re7 Rg3+ 72. Kh6 e3 73. Re8+ Rf8 74. Re7 Rf6 75. Re8+ Rf8 76.
Re7 Rf6 77. Re8+ Rf8 78. Re6 Rxh3 79. Re7 Rg3 80. Rg7+ Kh8 81. Rh7+ Kg8 82.
Re7 Rf6 83. Re8+ Rf8 84. Re7 Rf6 85. Re8+ Rf8 86. Re5 Rf6 87. Re7 Kf8 88.
Re8# {Black checkmated} 1-0

[Event "ICC Open 2015"]
[Site "Internet Chess Club"]
[Date "2015.05.29"]
[Round "7"]
[White "yaguaro"]
[Black "Hareaum"]
[Result "0-1"]
[ICCResult "White forfeits on time"]
[WhiteElo "2109"]
[BlackElo "1822"]
[Opening "Benko's opening"]
[ECO "A00"]
[NIC "VO.09"]
[Time "15:18:43"]
[TimeControl "180+0"]

1. g3 d5 2. Bg2 c6 3. d3 Nf6 4. Nd2 Bg4 5. h3 Bf5 6. e4 dxe4 7. dxe4 Bd7 8.
Ne2 e5 9. O-O Bd6 10. Nc4 Bc7 11. Nd6+ Bxd6 12. Qxd6 Qe7 13. Qxe7+ Kxe7 14.
b3 Na6 15. Bb2 Nb4 16. Rfc1 h5 17. Ba3 c5 18. c3 Na6 19. Bb2 Bc6 20. f3 c4
21. Ba3+ Kd7 22. Rd1+ Kc8 23. Bd6 Re8 24. bxc4 Nd7 25. Nc1 f6 26. Nb3 b6 27.
Bf1 Ndc5 28. Nxc5 Nxc5 29. Bxc5 bxc5 30. Rab1 Kc7 31. Kf2 Red8 32. Rxd8 Rxd8
33. Ke1 f5 34. exf5 Bxf3 35. Be2 Be4 36. g4 Bxb1 37. Kf2 hxg4 38. hxg4 Bxa2
39. Ke3 Bb1 40. Bf1 Rd1 41. Be2 Re1 42. Kd2 Rg1 43. Ke3 Rg3+ 44. Kd2 Rg2 45.
Ke3 e4 46. Bf1 Rb2 47. g5 Bd3 48. Bh3 Kd6 49. f6 gxf6 50. gxf6 Rh2 51. Bg4
Rh4 52. Bf5 Rh8 53. f7 Rf8 54. Bg6 Ke7 55. Kf4 Rxf7+ 56. Bxf7 Kxf7 57. Ke3
a5 58. Kf4 a4 59. Ke3 a3 60. Kf4 a2 61. Ke5 a1=Q 62. Kd6 Qxc3 63. Kxc5 Qxc4+
64. Kd6 e3 65. Kd7 Kf6 66. Kd6 Kf5 {White forfeits on time} 0-1

[Event "ICC Open 2015"]
[Site "Internet Chess Club"]
[Date "2015.05.29"]
[Round "7"]
[White "TedBelanoff"]
[Black "picopico"]
[Result "1-0"]
[ICCResult "Black forfeits on time"]
[WhiteElo "1967"]
[BlackElo "1875"]
[Opening "French: MacCutcheon, Bernstein variation"]
[ECO "C12"]
[NIC "FR.05"]
[Time "15:18:50"]
[TimeControl "180+0"]

1. e4 e6 2. d4 d5 3. Nc3 Nf6 4. Bg5 Bb4 5. e5 h6 6. Bh4 g5 7. Bg3 Ne4 8. Qd3
c5 9. a3 Bxc3+ 10. bxc3 Qa5 11. Ne2 Nc6 12. f3 Nxg3 13. hxg3 cxd4 14. Nxd4
Nxe5 15. Qb5+ Qxb5 16. Nxb5 Ke7 17. Nd4 Bd7 18. Kf2 Rac8 19. Re1 Nc6 20.
Nf5+ Kf6 21. Nxh6 Ne7 22. Ng4+ Kg7 23. Rxh8 Rxh8 24. Bd3 Rc8 25. Ne5 Be8 26.
c4 dxc4 27. Nxc4 Bc6 28. Nd6 Rd8 29. Nc4 Bb5 30. Ne5 Bxd3 31. Nxd3 Rc8 32.
Re2 Nd5 33. Rd2 Nc3 34. Ne5 Rc7 35. g4 Nb1 36. Re2 Nxa3 37. Kg3 Nxc2 38. Re4
b5 39. Nd3 a5 40. Re5 Rb7 41. Rxg5+ Kf8 42. Rc5 Nd4 43. Ne5 b4 44. Rxa5 b3
45. Nd3 b2 46. Nxb2 Rxb2 47. Ra8+ Kg7 48. Ra4 Ne2+ 49. Kh4 Nc3 50. Rc4 Nd5
51. Kg3 Rxg2+ 52. Kh3 Rf2 53. Kg3 Rg2+ 54. Kh3 Rg1 55. Re4 Nf6 56. Rf4 Nh7
57. Kh2 Ra1 58. Rb4 Ng5 59. Rb3 Ra2+ 60. Kg3 e5 61. Re3 f6 62. Rb3 Ne6 63.
g5 f5 64. Rb7+ Kg6 65. Rb6 Kxg5 66. Rxe6 Re2 67. Ra6 Re3 68. Kf2 Rb3 69. Ra2
Kf4 70. Ra4+ e4 71. fxe4 fxe4 72. Ke2 Rh3 73. Ra8 Rh2+ 74. Ke1 Kf3 75. Rf8+
Ke3 76. Kf1 Rh1+ 77. Kg2 Rc1 78. Rb8 Ke2 79. Rb2+ Kd3 80. Rb3+ Rc3 81. Rb8
e3 82. Kf3 Rc2 83. Rd8+ Kc3 84. Kxe3 Kb2 85. Rb8+ Kc1 86. Rh8 Rc3+ 87. Kd4
Rc7 88. Rh1+ Kb2 89. Rh2+ Ka3 90. Rh8 Kb4 91. Kd5 Kb3 92. Kd6 Rc4 93. Rb8+
Kc3 94. Rg8 Kd3 95. Kd5 Kc3 96. Ke5 Kb4 97. Kd5 Rc5+ 98. Kd4 Rc4+ 99. Kd3
Rc3+ 100. Kd2 Rc5 101. Rb8+ Rb5 102. Rc8 Ka5 103. Rc1 Rb2+ 104. Kc3 Rb3+
105. Kxb3 Kb6 106. Rc2 {Black forfeits on time} 1-0

[Event "ICC Open 2015"]
[Site "Internet Chess Club"]
[Date "2015.05.29"]
[Round "7"]
[White "Merula"]
[Black "saya"]
[Result "1-0"]
[ICCResult "Black forfeits on time"]
[WhiteElo "2236"]
[BlackElo "2607"]
[Opening "Queen's pawn: Torre attack"]
[ECO "A40"]
[NIC "QP.04"]
[Time "15:18:27"]
[TimeControl "180+0"]

1. d4 e6 2. Nf3 Nf6 3. Bg5 h6 4. Bh4 c5 5. e3 b6 6. Nbd2 Bb7 7. Bd3 Be7 8.
O-O O-O 9. h3 d6 10. Bg3 Nbd7 11. c3 Re8 12. a4 Bf8 13. Qe2 a6 14. Rfe1 Qc7
15. Rec1 e5 16. dxe5 dxe5 17. e4 Nh5 18. Bc4 Ndf6 19. Nh4 Nf4 20. Qf3 Bc6
21. Bxf4 exf4 22. Qe2 Nxe4 23. Nxe4 Rxe4 24. Qf1 Qb7 25. f3 Re5 26. Bd3 g6
27. Re1 Bg7 28. Rxe5 Bxe5 29. Re1 Bf6 30. Qf2 Re8 31. Rxe8+ Bxe8 32. Be4 Qe7
33. Qe2 Bxh4 34. Qxa6 c4 35. Qxc4 Kg7 36. Qd4+ Qf6 37. Qd1 Qe5 38. Qd3 Bf6
39. Qf1 Bxa4 40. Bd3 Bc6 41. Kh2 b5 42. Qe2 Qc5 43. Qd2 Be5 44. Qe2 Bf6 45.
Be4 Bxe4 46. Qxe4 Qd6 47. Qe1 Bh4 48. Qxh4 Qd2 49. Qg4 Qe3 50. Qd7 h5 51.
Qd4+ Qxd4 52. cxd4 Kf6 53. g4 Ke6 54. gxh5 gxh5 55. Kg2 Kd5 56. Kf2 Kxd4 57.
Ke2 Kc4 58. b4 Kb3 59. Kd3 Kxb4 60. Ke4 Kc5 61. Kxf4 b4 62. Kf5 b3 63. Kf6
b2 64. f4 b1=Q 65. f5 Qe4 66. h4 Qf4 67. Kg7 Qg4+ 68. Kf6
{Black forfeits on time}
1-0

[Event "ICC Open 2015"]
[Site "Internet Chess Club"]
[Date "2015.05.29"]
[Round "7"]
[White "kingest1912"]
[Black "erwinromel"]
[Result "1-0"]
[ICCResult "Black checkmated"]
[WhiteElo "1910"]
[BlackElo "2048"]
[Opening "Caro-Kann: exchange variation"]
[ECO "B13"]
[NIC "CK.02"]
[Time "15:20:48"]
[TimeControl "180+0"]

1. e4 c6 2. d4 d5 3. exd5 cxd5 4. Nf3 Nf6 5. Bb5+ Bd7 6. Bxd7+ Nbxd7 7. O-O
e6 8. Bg5 Be7 9. c3 h6 10. Bh4 O-O 11. Bg3 Rc8 12. Na3 Ne4 13. Nc2 Nxg3 14.
hxg3 a5 15. Qd3 Bf6 16. Rfe1 Re8 17. Ne3 Qc7 18. Ng4 Be7 19. Nge5 Nf6 20. g4
Ne4 21. Nd2 Nd6 22. g3 Bg5 23. f4 Bd8 24. Kg2 f6 25. Nef3 b5 26. g5 hxg5 27.
fxg5 f5 28. Rh1 Ne4 29. Ne5 Bxg5 30. Ndf3 Bf6 31. Rh3 Kf8 32. Ng6+ Kf7 33.
Nfe5+ Bxe5 34. Nxe5+ Ke7 35. Rh7 Rg8 36. Qe3 b4 37. Rc1 bxc3 38. bxc3 Qb7
39. Ng6+ Ke8 40. Rc2 Qb1 41. Qe2 Qb8 42. Ne5 Qc7 43. Qh5+ Ke7 44. c4 dxc4
45. Rxc4 Qb7 46. Qf7+ Kd6 47. Qxb7 Rxc4 48. Qd7# {Black checkmated} 1-0

[Event "ICC Open 2015"]
[Site "Internet Chess Club"]
[Date "2015.05.29"]
[Round "7"]
[White "Zhanshen"]
[Black "Nemesis23"]
[Result "0-1"]
[ICCResult "White checkmated"]
[WhiteElo "2021"]
[BlackElo "1783"]
[Opening "QGD Slav accepted"]
[ECO "D15"]
[NIC "SL.03"]
[Time "15:21:02"]
[TimeControl "180+0"]

1. d4 d5 2. c4 c6 3. Nc3 Nf6 4. Nf3 dxc4 5. g3 g6 6. Bg2 Bg7 7. O-O O-O 8.
Bf4 Nd5 9. e3 Nxf4 10. exf4 Be6 11. Re1 Bd5 12. Ng5 e6 13. Nge4 Nd7 14. Nd6
Qb6 15. Na4 Qc7 16. Ne4 b5 17. Nac5 Nxc5 18. dxc5 Rfd8 19. Nd6 Bf8 20. Ne4
a5 21. Qe2 Be7 22. Nc3 Bxg2 23. Kxg2 Bxc5 24. Rad1 Rxd1 25. Rxd1 Rd8 26. Ne4
Be7 27. Rxd8+ Qxd8 28. Qe3 Qd5 29. f3 Qd3 30. Qa7 Qe2+ 31. Nf2 Bf6 32. Qb8+
Kg7 33. Qd6 Qxb2 34. g4 Bd4 35. Kh3 Qxf2 36. Qxc6 c3 37. f5 gxf5 38. gxf5
exf5 39. Qd5 Bf6 40. Qxf5 Qh4+ 41. Kg2 Qg5+ 42. Qxg5+ Bxg5 43. Kf2 c2 44. f4
Bxf4 45. Kf3 c1=Q 46. Kg2 Qe3 47. h4 b4 48. Kf1 a4 49. Kg2 b3 50. axb3 axb3
51. h5 b2 52. h6+ Kxh6 53. Kf1 b1=Q+ 54. Kg2 Qc2+ 55. Kh1 Qec1#
{White checkmated}
0-1

[Event "ICC Open 2015"]
[Site "Internet Chess Club"]
[Date "2015.05.29"]
[Round "8"]
[White "blunder23"]
[Black "Pkopsa"]
[Result "0-1"]
[ICCResult "White checkmated"]
[WhiteElo "1459"]
[BlackElo "1608"]
[Opening "Sicilian: Grand Prix attack"]
[ECO "B21"]
[NIC "SI.48"]
[Time "15:27:24"]
[TimeControl "180+0"]

1. e4 c5 2. f4 d5 3. e5 Bf5 4. Nf3 e6 5. d4 Nc6 6. c3 cxd4 7. cxd4 Bb4+ 8.
Nc3 Nge7 9. Bb5 Rc8 10. O-O Qb6 11. Bd3 Bg6 12. Bxg6 hxg6 13. Bd2 Nxd4 14.
Nxd4 Qxd4+ 15. Kh1 Nf5 16. Nb5 Ng3# {White checkmated} 0-1

[Event "ICC Open 2015"]
[Site "Internet Chess Club"]
[Date "2015.05.29"]
[Round "8"]
[White "jps7"]
[Black "olivermx"]
[Result "1-0"]
[ICCResult "Black resigns"]
[WhiteElo "1616"]
[BlackElo "804"]
[Opening "Queen's pawn game"]
[ECO "D02"]
[NIC "QP.08"]
[Time "15:27:38"]
[TimeControl "180+0"]

1. d4 d5 2. Nf3 e6 3. e3 c5 4. b3 cxd4 5. exd4 Nf6 6. Bd3 Be7 7. O-O O-O 8.
Bb2 Nc6 9. a3 Bd7 10. Nbd2 Bd6 11. Ne5 Bxe5 12. dxe5 Nxe5 13. Bxe5
{Black resigns}
1-0

[Event "ICC Open 2015"]
[Site "Internet Chess Club"]
[Date "2015.05.29"]
[Round "8"]
[White "NietzscheBac"]
[Black "RobbieWilliams"]
[Result "0-1"]
[ICCResult "White resigns"]
[WhiteElo "1668"]
[BlackElo "1730"]
[Opening "QGD: 3.Nc3"]
[ECO "D31"]
[NIC "QP.08"]
[Time "15:27:25"]
[TimeControl "180+0"]

1. d4 d5 2. c4 e6 3. Nc3 f5 4. cxd5 exd5 5. Nf3 c6 6. Bf4 Nf6 7. e3 Bd6 8.
Bxd6 Qxd6 9. Rc1 Be6 10. Bd3 O-O 11. O-O Nbd7 12. Ng5 Ne4 13. Nxe6 Qxe6 14.
Qe2 Kh8 15. f3 Nxc3 16. bxc3 Rae8 17. Rfe1 Rf6 18. f4 Qd6 19. Qf3 Rfe6 20.
Re2 g6 21. Rce1 Nf6 22. g3 Qa3 23. Qf2 Qxc3 24. Bc2 Ng4 25. Qf3 Rxe3 26.
Rxe3 Rxe3 27. Qd1 Rxe1+ 28. Qxe1 Qxe1+ 29. Kg2 Qf2+ {White resigns} 0-1

[Event "ICC Open 2015"]
[Site "Internet Chess Club"]
[Date "2015.05.29"]
[Round "8"]
[White "Bagelhead"]
[Black "Ohanessian"]
[Result "1-0"]
[ICCResult "Black resigns"]
[WhiteElo "2346"]
[BlackElo "2061"]
[Opening "Alekhine's defense: Scandinavian variation"]
[ECO "B02"]
[NIC "AL.10"]
[Time "15:27:23"]
[TimeControl "180+0"]

1. e4 Nf6 2. Nc3 d5 3. exd5 Nxd5 4. Bc4 c6 5. Nf3 Bg4 6. d4 e6 7. h3 Bh5 8.
Bd2 Nd7 9. Qe2 N7f6 10. O-O-O Qa5 11. Nxd5 Bxf3 12. Nxf6+ gxf6 13. Bxa5 Bxe2
14. Bxe2 Bh6+ 15. Bd2 Bf8 16. c4 O-O-O 17. Be3 f5 18. g3 Bg7 19. Kc2 Rd7 20.
Rd2 Rhd8 21. Rhd1 b6 22. Bf3 Kc7 23. d5 exd5 24. cxd5 cxd5 25. Rxd5 Rxd5 26.
Rxd5 Rxd5 27. Bxd5 Kd6 28. Bxf7 Ke5 29. Kd3 Kd6 30. Bd4 Bh6 31. f4 Bf8 32.
a3 Ke7 33. Bg8 h6 34. Bd5 Kd6 35. Bf3 Kc7 36. Be5+ Kd7 37. Bd5 Bc5 38. g4
fxg4 39. hxg4 Bf2 40. Ke4 Bh4 41. Kf5 Be1 42. Kg6 {Black resigns} 1-0

[Event "ICC Open 2015"]
[Site "Internet Chess Club"]
[Date "2015.05.29"]
[Round "8"]
[White "krankenstein"]
[Black "MythBulletChess"]
[Result "0-1"]
[ICCResult "White resigns"]
[WhiteElo "1071"]
[BlackElo "1570"]
[Opening "Queen's pawn game"]
[ECO "A45"]
[NIC "QP.07"]
[Time "15:27:47"]
[TimeControl "180+0"]

1. d4 Nf6 2. h3 d5 3. Nf3 e6 4. a3 c5 5. b3 cxd4 6. Qxd4 Nc6 7. Qd1 Qc7 8.
e3 Bd6 9. Bb5 Bd7 10. Nc3 a6 11. Bd3 Ne5 12. Nxe5 Bxe5 13. Bb2 Bxc3+ 14.
Bxc3 Qxc3+ 15. Ke2 Rc8 16. Re1 Bb5 17. Bxb5+ axb5 18. Kf1 Ne4 19. Re2 O-O
20. Kg1 Rfd8 21. Qd3 Qxd3 22. cxd3 Nc5 23. Rd2 Nxb3 {White resigns} 0-1

[Event "ICC Open 2015"]
[Site "Internet Chess Club"]
[Date "2015.05.29"]
[Round "8"]
[White "ghorok"]
[Black "Palenque"]
[Result "1-0"]
[ICCResult "Black resigns"]
[WhiteElo "1600"]
[BlackElo "1661"]
[Opening "Queen's pawn"]
[ECO "A40"]
[NIC "QO.17"]
[Time "15:27:43"]
[TimeControl "180+0"]

1. d4 a6 2. c4 e6 3. Nc3 Nf6 4. Nf3 d5 5. Bg5 Be7 6. e3 Nbd7 7. Bd3 O-O 8.
O-O h6 9. Bh4 c5 10. Rc1 cxd4 11. Nxd4 dxc4 12. Bxc4 Qa5 13. a3 g5 14. Bg3
Nb6 15. Ba2 Nbd5 16. Nxd5 Nxd5 17. Qd3 f5 18. Bb1 Nf6 19. Bc7 Qd5 20. Rfd1
b5 21. Nc6 Qxd3 22. Rxd3 Kf7 23. Nxe7 Kxe7 24. Bd6+ Kf7 25. Bxf8 Kxf8 26.
Rd8+ Ke7 27. Rcxc8 {Black resigns} 1-0

[Event "ICC Open 2015"]
[Site "Internet Chess Club"]
[Date "2015.05.29"]
[Round "8"]
[White "muhit"]
[Black "TanteDolli"]
[Result "1-0"]
[ICCResult "Black checkmated"]
[WhiteElo "2027"]
[BlackElo "1753"]
[Opening "Dutch: stonewall with Nc3"]
[ECO "A85"]
[NIC "HD.05"]
[Time "15:28:54"]
[TimeControl "180+0"]

1. d4 f5 2. c4 Nf6 3. Nc3 e6 4. Nf3 Be7 5. g3 O-O 6. Bg2 c6 7. O-O d5 8. Bf4
Nbd7 9. e3 Ne4 10. cxd5 exd5 11. Qc2 Ndf6 12. Ne5 Bd6 13. Nxe4 fxe4 14. Bg5
h6 15. Bxf6 Rxf6 16. f3 exf3 17. Rxf3 Bxe5 18. dxe5 Re6 19. Raf1 Qg5 20.
Rf8# {Black checkmated} 1-0

[Event "ICC Open 2015"]
[Site "Internet Chess Club"]
[Date "2015.05.29"]
[Round "8"]
[White "Attalus"]
[Black "hawk12"]
[Result "0-1"]
[ICCResult "White resigns"]
[WhiteElo "1357"]
[BlackElo "1722"]
[Opening "Queen's pawn"]
[ECO "A40"]
[NIC "QO.17"]
[Time "15:27:41"]
[TimeControl "180+0"]

1. d4 e6 2. Bf4 d5 3. Nf3 Bd6 4. e3 Bxf4 5. exf4 Qd6 6. Bd3 Qxf4 7. Qd2
Qxd2+ 8. Nbxd2 Nf6 9. O-O-O Nbd7 10. h4 c5 11. Ne5 c4 12. Bf1 Nxe5 13. dxe5
Ng4 14. Rh3 Nxf2 15. Re1 Nxh3 16. gxh3 b5 17. Nf3 h6 18. Be2 Bb7 19. Nh2 Kd7
20. Ng4 d4 21. Rf1 Rhf8 22. h5 Bg2 23. Rf2 Bxh3 24. Nh2 Bf5 25. Nf3 Kc7 26.
Rg2 g6 27. hxg6 fxg6 28. Nh4 g5 29. Nf3 Rad8 30. Nxd4 Rxd4 31. c3 Rf4 32.
Rh2 Rh8 33. Kd2 Kb6 34. b3 cxb3 35. axb3 a5 36. c4 bxc4 37. Bxc4 Kc5 38. Kc3
Rf3+ 39. Kb2 Kb4 {White resigns} 0-1

[Event "ICC Open 2015"]
[Site "Internet Chess Club"]
[Date "2015.05.29"]
[Round "8"]
[White "whynotchess960"]
[Black "fviana"]
[Result "0-1"]
[ICCResult "White resigns"]
[WhiteElo "1993"]
[BlackElo "2346"]
[Opening "Sicilian defense"]
[ECO "B44"]
[NIC "SI.39"]
[Time "15:28:48"]
[TimeControl "180+0"]

1. e4 c5 2. Nf3 Nc6 3. d4 cxd4 4. Nxd4 e6 5. Be3 Nf6 6. f3 d5 7. exd5 Nxd5
8. Bf2 Bd7 9. Be2 Be7 10. O-O O-O 11. c4 Nf6 12. Nc3 a6 13. Qd2 Qc7 14. Rac1
Rfd8 15. Rfd1 Be8 16. Qc2 Nxd4 17. Bxd4 Rxd4 18. Rxd4 Bc5 19. Rd1 e5
{White resigns}
0-1

[Event "ICC Open 2015"]
[Site "Internet Chess Club"]
[Date "2015.05.29"]
[Round "8"]
[White "reydelmambo"]
[Black "LittleDonkey"]
[Result "1-0"]
[ICCResult "Black resigns"]
[WhiteElo "1998"]
[BlackElo "2316"]
[Opening "English opening"]
[ECO "A05"]
[NIC "RE.08"]
[Time "15:30:08"]
[TimeControl "180+0"]

1. Nf3 Nf6 2. c4 e6 3. b3 b6 4. Bb2 Bb7 5. g3 Be7 6. Bg2 O-O 7. O-O d5 8. e3
dxc4 9. bxc4 Nbd7 10. Qe2 Nc5 11. d4 Na4 12. Bc1 c5 13. Qc2 Qd7 14. Ne5 Qe8
15. Bxb7 {Black resigns} 1-0

[Event "ICC Open 2015"]
[Site "Internet Chess Club"]
[Date "2015.05.29"]
[Round "8"]
[White "Chisel"]
[Black "chesstempo2"]
[Result "1-0"]
[ICCResult "Black checkmated"]
[WhiteElo "1726"]
[BlackElo "1981"]
[Opening "French: Tarrasch"]
[ECO "C03"]
[NIC "FR.14"]
[Time "15:27:23"]
[TimeControl "180+0"]

1. e4 e6 2. d4 d5 3. Nd2 dxe4 4. f3 exf3 5. Ngxf3 Nf6 6. Bd3 c5 7. c3 cxd4
8. cxd4 Nc6 9. Nb3 Bb4+ 10. Bd2 Bxd2+ 11. Qxd2 Nd5 12. O-O h6 13. Rad1 O-O
14. Bb1 b6 15. Qc2 g6 16. Qxc6 Ba6 17. Rfe1 Rc8 18. Qa4 Bc4 19. Nbd2 b5 20.
Qxa7 Ra8 21. Qc5 Bxa2 22. Bxa2 Rxa2 23. Qxb5 Qc7 24. Rc1 Qd6 25. Ne4 Qe7 26.
Qe2 Rb8 27. Qd2 Rbxb2 28. Qxh6 Rxg2+ 29. Kh1 Nf6 30. Rc8+ Ne8 31. Rxe8+ Qxe8
32. Nf6# {Black checkmated} 1-0

[Event "ICC Open 2015"]
[Site "Internet Chess Club"]
[Date "2015.05.29"]
[Round "8"]
[White "shortcastle"]
[Black "SirHarmony"]
[Result "0-1"]
[ICCResult "White checkmated"]
[WhiteElo "1566"]
[BlackElo "1547"]
[Opening "English opening"]
[ECO "A22"]
[NIC "EO.10"]
[Time "15:28:28"]
[TimeControl "180+0"]

1. c4 e5 2. Nc3 Nf6 3. d3 Bc5 4. g3 d5 5. cxd5 Nxd5 6. Bg2 c6 7. e3 Be6 8.
Nge2 Nb4 9. Be4 f5 10. Bg2 Nxd3+ 11. Kf1 O-O 12. Na4 Na6 13. Nxc5 Ndxc5 14.
Qxd8 Raxd8 15. Ke1 Nb4 16. Rb1 Nc2+ 17. Kf1 Rd1# {White checkmated} 0-1

[Event "ICC Open 2015"]
[Site "Internet Chess Club"]
[Date "2015.05.29"]
[Round "8"]
[White "QuintilianoR"]
[Black "Chessfreak"]
[Result "1-0"]
[ICCResult "Black resigns"]
[WhiteElo "2291"]
[BlackElo "1816"]
[Opening "Sicilian: Labourdonnais-Löwenthal (Kalashnikov) variation"]
[ECO "B32"]
[NIC "SI.32"]
[Time "15:29:45"]
[TimeControl "180+0"]

1. d4 c5 2. e4 cxd4 3. Nf3 Nc6 4. Nxd4 e5 5. Nb5 d6 6. N1c3 a6 7. Na3 Nf6 8.
Bg5 Be7 9. Nc4 b5 10. Bxf6 gxf6 11. Ne3 Be6 12. a4 b4 13. Ncd5 Bxd5 14. Qxd5
Qc7 15. Nf5 O-O 16. Qxc6 {Black resigns} 1-0

[Event "ICC Open 2015"]
[Site "Internet Chess Club"]
[Date "2015.05.29"]
[Round "8"]
[White "Giantvin"]
[Black "playwaycool"]
[Result "0-1"]
[ICCResult "White resigns"]
[WhiteElo "1961"]
[BlackElo "2312"]
[Opening "QGD Slav defense: exchange variation"]
[ECO "D10"]
[NIC "SL.01"]
[Time "15:27:35"]
[TimeControl "180+0"]

1. d4 d5 2. c4 c6 3. cxd5 cxd5 4. Bf4 e6 5. e3 Nf6 6. Nc3 Nc6 7. Bd3 a6 8.
Rc1 Bd7 9. Nf3 Be7 10. h3 O-O 11. O-O Rc8 12. a3 b5 13. Ne5 h6 14. Nxc6 Bxc6
15. Bb1 Re8 16. Qd3 Bf8 17. Be5 g6 18. Bf4 Qb6 19. h4 a5 20. Be5 b4 21. Bxf6
bxc3 22. bxc3 Bb5 23. Qd2 Bxf1 24. Kxf1 Bxa3 25. Rd1 Qb2 26. Qxb2 Bxb2
{White resigns}
0-1

[Event "ICC Open 2015"]
[Site "Internet Chess Club"]
[Date "2015.05.29"]
[Round "8"]
[White "Gambit101"]
[Black "Estocolmov"]
[Result "1-0"]
[ICCResult "Black resigns"]
[WhiteElo "3131"]
[BlackElo "2228"]
[Opening "English: Neo-Catalan declined"]
[ECO "A14"]
[NIC "RE.08"]
[Time "15:28:14"]
[TimeControl "180+0"]

1. Nf3 d5 2. c4 e6 3. g3 Nf6 4. Bg2 Be7 5. O-O O-O 6. b3 b6 7. Bb2 Bb7 8. e3
c5 9. Nc3 Nbd7 10. Qe2 Rc8 11. Rfd1 Qc7 12. Rac1 Qb8 13. cxd5 Nxd5 14. Nxd5
Bxd5 15. d3 Bf6 16. d4 Qb7 17. Rd2 Rfd8 18. Rcd1 cxd4 19. Bxd4 Bxd4 20. Rxd4
Rc7 21. e4 Bc6 22. Ne5 Rdc8 23. Nxc6 Qxc6 24. e5 {Black resigns} 1-0

[Event "ICC Open 2015"]
[Site "Internet Chess Club"]
[Date "2015.05.29"]
[Round "8"]
[White "vpeichev"]
[Black "past"]
[Result "1-0"]
[ICCResult "Black checkmated"]
[WhiteElo "1678"]
[BlackElo "1779"]
[Opening "French: Burn variation"]
[ECO "C11"]
[NIC "FR.05"]
[Time "15:28:25"]
[TimeControl "180+0"]

1. e4 e6 2. d4 d5 3. Nc3 Nf6 4. Bg5 dxe4 5. Nxe4 Be7 6. Nxf6+ gxf6 7. Bf4 b6
8. Nf3 Bb7 9. Bd3 c6 10. c3 Nd7 11. Qd2 Nf8 12. O-O-O Ng6 13. Bg3 Bd6 14.
Bxd6 Qxd6 15. h4 h5 16. g3 O-O-O 17. Rhe1 Rde8 18. Re2 f5 19. Rde1 f4 20.
Ng5 Rhf8 21. Bxg6 fxg6 22. Rxe6 Rxe6 23. Rxe6 Qc7 24. Rxg6 fxg3 25. Ne6 Qf7
26. Nxf8 Qxf8 27. Rxg3 c5 28. dxc5 bxc5 29. Qe3 Bd5 30. b3 Qf6 31. f4 Qxh4
32. Qe8+ Kc7 33. Rg7+ Kb6 34. Qb8+ Ka6 35. Rxa7# {Black checkmated} 1-0